 Dungeon Crawl Stone Soup version 0.30-a0-368-g86fb4627a9 (webtiles) character file.

Game seed: 7814250137944403175

1265 Pooter the Cleaver (level 8, 0/73 HPs)
             Began as a Minotaur Berserker on Nov 19, 2022.
             Was a Priest of Trog.
             Slain by a wraith (7 damage)
             ... on level 6 of the Dungeon.
             The game lasted 00:21:47 (4930 turns).

Pooter the Cleaver (Minotaur Berserker)             Turns: 4930, Time: 00:21:48

Health: 0/73       AC: 12    Str: 24    XL:     8   Next: 27%
Magic:  7/7        EV:  7    Int:  4    God:    Trog [***...]
Gold:   470        SH:  0    Dex: 10    Spells: 7/7 levels left

rFire   . . .      SeeInvis .    a - +1 war axe (freeze)
rCold   . . .      Faith    .    (no shield)
rNeg    . . .      Spirit   .    D - +0 plate armour
rPois   .          Reflect  .    (helmet restricted)
rElec   .          Harm     .    (no cloak)
rCorr   .          Rampage  +    (no gloves)
Will    .....                    c - +0 pair of boots
Stlth   ..........               m - amulet of Ypseep {Acrobat Rampage}
HPRegen 0.32/turn                (no ring)
MPRegen 0.10/turn                (no ring)

@: on berserk cooldown, slowed, very slow
A: horns 2, retaliatory headbutt
a: Renounce Religion, Berserk, Trog's Hand


You were on level 6 of the Dungeon.
You worshipped Trog.
Trog was most pleased with you.
You visited 1 branch of the dungeon, and saw 6 of its levels.
You also visited: Ossuary.

You collected 470 gold pieces.

Inventory:

Hand Weapons
 a - a +1 war axe of freezing (weapon)
   (You found it on level 5 of the Dungeon)
 b - a +0 sling
   (You found it on level 4 of the Dungeon)
 r - a +0 flail
   (You took it off Terence on level 3 of the Dungeon)
 v - a +1 vorpal hand axe
   (You found it on level 4 of the Dungeon)
 w - a +0 hand axe
 x - a +0 trident
   (You took it off an orc on level 4 of the Dungeon)
 z - a +0 morningstar
   (You took it off an orc on level 4 of the Dungeon)
Missiles
 Q - 30 stones (quivered)
Armour
 c - a +0 pair of boots (worn)
   (You found it on level 2 of the Dungeon)
 D - a +0 plate armour (worn)
   (You found it on level 5 of the Dungeon)
Jewellery
 m - the amulet of Ypseep (around neck) {Acrobat Rampage}
   (You found it on level 2 of the Dungeon)

   [amulet of the acrobat]

   It increases your evasion while moving and waiting.
   Rampage:   It bestows one free step when moving towards enemies.
Wands
 B - a wand of mindburst (4)
   (You found it on level 5 of the Dungeon)
Scrolls
 e - a scroll of silence {unknown}
 g - 4 scrolls of immolation {!r}
 j - a scroll of torment {unknown}
 k - 2 scrolls of teleportation {unknown}
 l - 3 scrolls of identify {unknown}
 p - a scroll of acquirement {unknown}
 s - a scroll of vulnerability {unknown}
 u - a scroll of summoning {unknown}
 A - a scroll of enchant armour {unknown}
 C - a scroll of magic mapping {unknown}
Potions
 d - 2 potions of haste {unknown}
 f - 6 potions of curing {unknown}
 h - 2 potions of berserk rage {unknown}
 i - a potion of cancellation {unknown}
 n - 3 potions of might {unknown}
 o - a potion of flight {unknown}
 q - a potion of attraction {unknown}
 t - a potion of magic {unknown}
 y - 2 potions of brilliance {unknown}


   Skills:
 + Level 7.1 Fighting
 * Level 9.5(9.6) Axes
 - Level 1.4(6.1) Maces & Flails
 * Level 3.9 Ranged Weapons
 - Level 2.4 Armour
 - Level 2.1 Dodging
 + Level 1.2 Evocations


You had 7 spell levels left.
You didn't know any spells.
Your spell library was empty.

Dungeon Overview and Level Annotations

Branches:
Dungeon (6/15)            Ossuary (visited)
 Temple: D:4-7

Altars:
Dithmenos
Kikubaaqudgha

Shops:
D:3 :


Innate Abilities, Weirdness & Mutations

You have a pair of horns on your head.
You reflexively headbutt those who attack you in melee.


Message History

The wraith hits you but does no damage. x2
Unknown command.
You hit the wraith but do no damage.
You headbutt the wraith, but do no damage.
The wraith barely misses you.
You completely miss the wraith. The wraith hits you.
The wraith hits you but does no damage.
You hit the wraith. The wraith hits you!
You hit the wraith but do no damage. The wraith hits you!
* * * LOW HITPOINT WARNING * * *
The wraith hits you but does no damage.
You barely miss the wraith. The wraith closely misses you.
You hit the wraith but do no damage. The wraith hits you but does no damage.
The wraith hits you!
* * * LOW HITPOINT WARNING * * *
Unknown command.
You closely miss the wraith. Your headbutt misses the wraith.
The wraith hits you.
* * * LOW HITPOINT WARNING * * *
A red film seems to cover your vision as you go berserk!
You feel yourself moving faster!
You feel mighty!
You feel yourself speed up. The wraith hits you!
* * * LOW HITPOINT WARNING * * *
The wraith drains your vigour!
You feel yourself slow down. The wraith hits you but does no damage.
You barely miss the wraith. The wraith hits you but does no damage.
Unknown command.
You hit the wraith but do no damage. The wraith barely misses you.
You closely miss the wraith. The wraith hits you but does no damage.
You hit the wraith but do no damage. The wraith hits you but does no damage.
You barely miss the wraith. The wraith barely misses you.
You hit the wraith but do no damage. The wraith hits you but does no damage.
You closely miss the wraith. The wraith hits you but does no damage.
You barely miss the wraith. Your headbutt misses the wraith.
You punch the wraith.
You are no longer berserk.
You are exhausted.
You feel as though you will be slow longer.
The wraith hits you but does no damage.
You barely miss the wraith. The wraith hits you but does no damage.
Unknown command.
You hit the wraith. The wraith hits you!
* * * LOW HITPOINT WARNING * * *
The wraith drains your vigour!
You feel as though you will be slow longer.
The wraith barely misses you.
You barely miss the wraith. The wraith hits you!
You die...

#. ......^....#
#.###
...).......#
#....
...........#
.>#..
....[......#
.....
...........####
#..
...............
#..
......W[...#
###
.......@...#
...........#
##########.#
#.# #.#
#.#############
#..............
###############


You could see a wraith.

Vanquished Creatures
  Grinder (D:3)
  A steam dragon (D:6)
  An ice beast (D:5)
  2 phantoms
  An elf zombie (Ossuary)
  2 killer bees (D:6)
  A vampire bat (D:3)
  2 centaur zombies (Ossuary)
  2 hounds
  2 jellies
  2 orc priests
  Terence (D:3)
  2 mummies (Ossuary)
  2 adders (D:5)
  A shadow imp (D:6)
  2 worms
  4 dart slugs
  3 fire bats (D:3)
  13 orcs
  2 spectral bats (D:3)
  12 bats
  3 bat skeletons (D:3)
  A bat zombie (D:3)
  7 endoplasms
  2 giant cockroaches (D:4)
  3 gnoll zombies (Ossuary)
  2 goblins
  7 hobgoblins
  4 jackals (D:1)
  5 quokkas
  5 ball pythons
  A bat simulacrum (D:3)
  12 frilled lizards
  4 goblin zombies (Ossuary)
  A hobgoblin zombie (Ossuary)
  8 kobolds
  4 orc zombies
  5 rats
  A rat zombie (D:5)
134 creatures vanquished.

Vanquished Creatures (others)
  5 plants (D:2)
5 creatures vanquished.

Grand Total: 139 creatures vanquished

Notes
Turn   | Place    | Note
-------+----------+-------------------------------------------
     0 | D:1      | Pooter the Minotaur Berserker began the quest for the Orb.
     0 | D:1      | Reached XP level 1. HP: 19/19 MP: 0/0
   129 | D:1      | Reached skill level 4 in Axes
   145 | D:1      | Reached XP level 2. HP: 27/27 MP: 1/1
   567 | D:1      | Reached XP level 3. HP: 33/33 MP: 2/2
   578 | D:1      | Reached ** piety under Trog
  1290 | D:2      | Identified the amulet of Ypseep {Acrobat Rampage}
  1607 | D:3      | Reached skill level 5 in Axes
  1637 | D:3      | Reached XP level 4. HP: 3/41 MP: 3/3
  1836 | D:3      | Found a shadowy altar of Dithmenos.
  1851 | D:3      | Noticed Terence
  1856 | D:3      | Killed Terence
  2058 | D:3      | Reached skill level 5 in Fighting
  2058 | D:3      | Reached skill level 6 in Axes
  2058 | D:3      | Reached XP level 5. HP: 48/48 MP: 4/4
  2397 | D:3      | Found Seutascho's Book Boutique.
  2410 | D:3      | Noticed Grinder
  2410 | D:3      | Paralysed by Grinder for 5 turns
  2421 | D:3      | Killed Grinder
  2422 | D:3      | Reached skill level 7 in Axes
  2422 | D:3      | Reached XP level 6. HP: 57/57 MP: 5/5
  2996 | D:4      | Reached *** piety under Trog
  3154 | D:4      | Reached skill level 8 in Axes
  3451 | D:4      | Reached XP level 7. HP: 63/63 MP: 6/6
  3603 | D:4      | Reached skill level 1 in Maces & Flails
  3846 | D:5      | Entered Level 5 of the Dungeon
  3889 | D:5      | Found an ancient bone altar of Kikubaaqudgha.
  3910 | D:5      | Found a sand-covered staircase.
  3915 | Ossuary  | Entered an ossuary
  3941 | Ossuary  | Reached skill level 1 in Ranged Weapons
  4151 | D:5      | Reached skill level 9 in Axes
  4750 | D:6      | Reached XP level 8. HP: 43/71 MP: 7/7
  4909 | D:6      | Reached skill level 1 in Evocations
  4930 | D:6      | Slain by a wraith

Illustrated notes

Levels and vault maps discovered:
D:1:      lightli_arrival_maybe_door_vault, layout_basic, serial_rivers,
          chequers_serial_rivers_marsh, chequers_serial_rivers_marsh,
          chequers_serial_rivers_micro_b, chequers_serial_rivers_small_b
D:2:      layout_basic, minmay_lizard_king
D:3:      layout_loops_corners, nicolae_dithmenos_shadow_blocks, serial_glass,
          glass_columns_c, glass_columns_a, glass_columns_a, glass_columns_b,
          glass_columns_b, glass_columns_c, glass_columns_b, glass_columns_b,
          serial_shops, shop, chequers_serial_rivers_small_b,
          supply_closet_lemuel, goddamned_bats, uniq_terence, uniq_grinder
D:4:      layout_cave_pods, minmay_misc_feat_nine_boxes, grunt_decor_fettered,
          nicolae_figureground_pulse
D:5:      layout_loops_ring, kiku_gazebo_garden_becter, enter_ossuary_3
D:6:      layout_basic, dancing_weapons_uskayaw

Skill      XL: |  1  2  3  4  5  6  7  8 |
---------------+-------------------------+-----
Axes           | 4 5 6 7 8 9 |  9.5
Fighting       | 4 5 6 7 |  7.1
Maces & Flails | 1 |  1.4
Ranged Weapons | 3 |  3.9
Evocations     | 1 |  1.2
Armour         | |  2.4
Dodging        | |  2.1

Action                   |  1- 3 |  4- 6 |  7- 9 || total
-------------------------+-------+-------+-------++-------
Melee: Hand axe          |    85 |     5 |       ||    90
       Headbutt          |    16 |    14 |    16 ||    46
       Flail             |       |    92 |       ||    92
       Morningstar       |       |       |    49 ||    49
       War axe           |       |       |    66 ||    66
       Punch             |       |       |     3 ||     3
 Fire: Sling             |       |       |    11 ||    11
Throw: Stone             |       |     2 |       ||     2
Invok: Berserk           |       |     3 |     3 ||     6
       Trog's Hand       |       |     1 |     1 ||     2
  Use: Scroll            |     1 |       |       ||     1
Armor: Ring mail         |    23 |       |       ||    23
       Animal skin       |     1 |       |       ||     1
       Scale mail        |     8 |    44 |    29 ||    81
       Plate armour      |       |       |    38 ||    38
Dodge: Dodged            |    41 |    76 |    57 ||   174

Table legend: (Time is in decaauts)
 A = Elapsed time spent in this place.
 B = Non-inter-level travel time spent in this place.
 C = Inter-level travel time spent in this place.
 D = Time resting spent in this place.
 E = Time spent auto-exploring this place.
 F = Levels seen in this place.
 G = Mean time per level.
                   A        B        C        D        E       F      G
               +--------+--------+--------+--------+--------+-----+--------+
         Total |   5024 |   4865 |    159 |    425 |   3530 |   7 |  717.7 |
       Dungeon |   4830 |   4671 |    159 |    382 |   3463 |   6 |  805.0 |
       Ossuary |    194 |    194 |      0 |     43 |     67 |   1 |  194.0 |
               +--------+--------+--------+--------+--------+-----+--------+

Top non-repeatable levels by time:
     D:3: 1176 daAuts
     D:1: 1112 daAuts
     D:4: 1050 daAuts
     D:5: 638 daAuts
     D:2: 567 daAuts
     D:6: 285 daAuts
 Ossuary: 194 daAuts
